 Dungeon Crawl Stone Soup version 0.29.0-4-gdea44cf6ec (webtiles) character file.

Game seed: 18104690867657416206

228 qw the Chopper (level 5, 0/46 HPs)
             Began as a Minotaur Fighter on Sept 7, 2022.
             Slain by Ijyb
             ... wielding a +0 club
              (2 damage)
             ... on level 3 of the Dungeon.
             The game lasted 00:01:34 (2917 turns).

qw the Chopper (Minotaur Fighter)                   Turns: 2917, Time: 00:01:35

Health: 0/46       AC:  6    Str: 23    XL:     5   Next: 71%
Magic:  4/4        EV:  9    Int:  5    God:
Gold:   145        SH:  9    Dex:  7    Spells: 4/4 levels left

rFire   . . .      SeeInvis .   Y - +0 war axe
rCold   . . .      Faith    .   c - +0 buckler
rNeg    + . .      Spirit   .   b - +0 scale mail
rPois   .          Reflect  +   (helmet restricted)
rElec   .          Harm     .   (no cloak)
rCorr   +          Rampage  .   (no gloves)
Will    .....      Clarity  +   (no boots)
Stlth   ..........              l - amulet of reflection
HPRegen 0.15/turn               g - ring of resist corrosion
MPRegen 0.09/turn               h - ring of positive energy

@: about to teleport
A: horns 2, retaliatory headbutt, clarity, clumsy 1
a: no special abilities


You were on level 3 of the Dungeon.
You visited 1 branch of the dungeon, and saw 3 of its levels.

You collected 145 gold pieces.


Innate Abilities, Weirdness & Mutations

You have a pair of horns on your head.
You reflexively headbutt those who attack you in melee.
You possess an exceptional clarity of mind.
You are clumsy. (Dex -2)


   Skills:
 + Level 3.9 Fighting
 - Level 7.0 Axes
 - Level 3.6 Armour
 - Level 1.0 Dodging
 - Level 3.6 Shields


You had 4 spell levels left.
You didn't know any spells.
Your spell library was empty.

Inventory:

Hand Weapons
 m - a +0 flail
 Y - a +0 war axe (weapon)
Armour
 b - a +0 scale mail (worn)
 c - a +0 buckler (worn)
Jewellery
 g - a ring of resist corrosion (left hand)
 h - a ring of positive energy (right hand)
 l - an amulet of reflection (around neck)
 o - a +4 ring of evasion
Scrolls
 a - 2 scrolls of teleportation
 j - 4 scrolls of identify
Potions
 d - a potion of might
 e - 4 potions of curing
 f - a potion of mutation
 i - a potion of resistance {unknown}
 k - a potion of heal wounds {unknown}
 n - a potion of attraction {unknown}

Dungeon Overview and Level Annotations

Branches:
Dungeon (3/15)

Altars:
Kikubaaqudgha
Yredelemnul

Shops:
D:1 [

Annotations:
D:2 1 runed translucent door, Crazy Yiuf
D:3 Ijyb


Message History

2903 ||| Stepping ~*~*~tactically~*~*~ (hiding).
2904 ||| Stepping ~*~*~tactically~*~*~ (hiding).
You barely miss the kobold. The kobold barely misses you.
You hit the kobold but do no damage. The kobold barely misses you.
You slash the kobold!
You kill the kobold!
The goblin hits you with a +0 club.
You barely miss the goblin. Your headbutt misses the goblin.
You barely miss the goblin. The goblin hits you with a +0 club.
You hit Ijyb but do no damage. Your headbutt misses Ijyb. You slash the goblin!
You kill the goblin!
You hit the goblin.
You kill the goblin!
Ijyb zaps a wand.
Your mind is blasted!
You barely miss Ijyb. Ijyb hits you with a +0 club.
You hit Ijyb. You headbutt Ijyb!
Ijyb is heavily wounded.
You block Ijyb's attack.
You barely miss Ijyb.
Ijyb is heavily wounded.
You block Ijyb's attack. Ijyb hits you with a +0 club.
You barely miss Ijyb.
Ijyb is heavily wounded.
Ijyb zaps a wand.
You barely resist. You barely miss Ijyb. You headbutt Ijyb!
Ijyb is severely wounded.
Ijyb grins evilly.
Ijyb zaps a wand.
Your mind is blasted!
You hit Ijyb but do no damage.
Ijyb is severely wounded.
Ijyb zaps a wand.
Your mind is blasted!
2917 ||| READING 3 scrolls of teleportation.
As you read the scroll of teleportation, it crumbles to dust.
You feel strangely unstable. Ijyb hits you with a +0 club.
You die...

#...#.....#
....
##'##.....#
##.
#...#.....#
#...#....)#
#...#.....#
##'##)....##'
#..........).#
#............#
#.)@##########
#.g)#......
#...'..g.g.
#...'......
###########


You could see Ijyb.

Vanquished Creatures
  A scorpion (D:3)
  A scorpion zombie (D:3)
  A hound zombie (D:3)
  Robin (D:2)
  3 adders
  An adder zombie (D:3)
  2 dart slugs
  3 endoplasms
  4 giant cockroaches
  14 goblins
  6 hobgoblins (D:2)
  7 jackals
  7 kobolds
  4 quokkas
  6 ball pythons
  12 bats
  4 frilled lizards
  A quokka zombie (D:3)
  6 rats
84 creatures vanquished.

Notes
Turn   | Place    | Note
-------+----------+-------------------------------------------
     0 | D:1      | qw the Minotaur Fighter began the quest for the Orb.
     0 | D:1      | Reached XP level 1. HP: 19/19 MP: 0/0
     0 | D:1      | 0 ||| qw: Version: 0.1-a-108-g9e35731
     0 | D:1      | 0 ||| qw: Game counter: 6443
     0 | D:1      | 0 ||| qw: Always use a shield: true
     0 | D:1      | 0 ||| qw: God list: Ru
     0 | D:1      | 0 ||| qw: Allow faded altars: false
     0 | D:1      | 0 ||| qw: Do Orc after D:15 true
     0 | D:1      | 0 ||| qw: Do second Lair branch before Depths: true
     0 | D:1      | 0 ||| qw: Lair rune preference: random
     0 | D:1      | 0 ||| qw: Plans: Normal
     0 | D:1      | 0 ||| PLANNING D:1-11
    67 | D:1      | 67 ||| Stepping ~*~*~tactically~*~*~ (hiding).
   184 | D:1      | 184 ||| Stepping ~*~*~tactically~*~*~ (stealth).
   186 | D:1      | Reached skill level 3 in Axes
   198 | D:1      | Reached XP level 2. HP: 16/26 MP: 1/1
   493 | D:1      | Reached skill level 4 in Axes
   558 | D:1      | Reached XP level 3. HP: 31/31 MP: 2/2
   568 | D:1      | Found Ykutubuc's Antique Armour Shop.
   578 | D:1      | 578 ||| SHOPLISTING pair of gloves (117 gold, have 38).
   578 | D:1      | 578 ||| SHOPLISTING plate armour (598 gold, have 38).
   578 | D:1      | 578 ||| SHOPLISTING runed chain mail (195 gold, have 38).
   578 | D:1      | 578 ||| SHOPLISTING runed scale mail (182 gold, have 38).
   849 | D:1      | 849 ||| UPGRADING to amulet of reflection.
   854 | D:1      | 854 ||| READING 2 scrolls labelled WAZXOF CEOMEIKK.
   858 | D:1      | 858 ||| READING 3 scrolls labelled XIALLIU BAVEV.
   859 | D:1      | 859 ||| READING scroll labelled NUC CESARUKINK.
   860 | D:1      | 860 ||| READING 3 scrolls labelled VAZOOPH DAOTTE.
   961 | D:1      | 961 ||| READING scroll labelled DIXZATSUCZE.
   962 | D:1      | 962 ||| DRINKING 2 metallic coppery potions.
   963 | D:1      | 963 ||| DROPPING 2 scrolls of butterflies.
   964 | D:1      | 964 ||| DROPPING 2 scrolls of silence.
  1118 | D:2      | 1118 ||| Stepping ~*~*~tactically~*~*~ (hiding).
  1124 | D:2      | Noticed Robin
  1128 | D:2      | 1128 ||| Stepping ~*~*~tactically~*~*~ (hiding).
  1129 | D:2      | 1129 ||| Stepping ~*~*~tactically~*~*~ (hiding).
  1139 | D:2      | Killed Robin
  1140 | D:2      | Reached skill level 5 in Axes
  1155 | D:2      | 1155 ||| UPGRADING to ring of resist corrosion.
  1156 | D:2      | 1156 ||| READING scroll labelled JAPTOT WAPA.
  1157 | D:2      | 1157 ||| READING scroll of teleportation.
  1158 | D:2      | 1158 ||| FLEEEEING.
  1159 | D:2      | 1159 ||| FLEEEEING.
  1164 | D:2      | 1164 ||| DROPPING +0 club.
  1185 | D:2      | Reached XP level 4. HP: 39/39 MP: 3/3
  1439 | D:2      | Reached skill level 1 in Dodging
  1553 | D:2      | Found a runed translucent door.
  1554 | D:2      | Noticed Crazy Yiuf
  1673 | D:2      | 1673 ||| READING scroll labelled GINIOSUARE.
  1674 | D:2      | 1674 ||| DRINKING 2 fuming green potions.
  1674 | D:2      | Gained mutation: You possess an exceptional clarity of
                  | mind. [potion of mutation]
  1674 | D:2      | Gained mutation: You are clumsy. (Dex -2) [potion of
                  | mutation]
  1675 | D:2      | 1675 ||| READING scroll of teleportation.
  1907 | D:3      | 1907 ||| Stepping ~*~*~tactically~*~*~ (stealth).
  1910 | D:3      | 1910 ||| Stepping ~*~*~tactically~*~*~ (stealth).
  1917 | D:3      | Noticed a scorpion
  1923 | D:3      | 1923 ||| Stepping ~*~*~tactically~*~*~ (stealth).
  1926 | D:3      | Killed a scorpion
  1927 | D:3      | Reached skill level 6 in Axes
  1927 | D:3      | Reached XP level 5. HP: 15/45 MP: 4/4
  1927 | D:3      | HP: 10/45 [goblin/+0 dagger (3)]
  1930 | D:3      | 1930 ||| Stepping ~*~*~tactically~*~*~ (stealth).
  1932 | D:3      | HP: 5/45 [poisoned by a scorpion]
  2038 | D:3      | 2038 ||| FLEEEEING.
  2039 | D:3      | 2039 ||| FLEEEEING.
  2046 | D:3      | 2046 ||| FLEEEEING.
  2047 | D:3      | 2047 ||| FLEEEEING.
  2050 | D:3      | 2050 ||| FLEEEEING.
  2051 | D:3      | 2051 ||| FLEEEEING.
  2052 | D:3      | 2052 ||| FLEEEEING.
  2053 | D:3      | 2053 ||| FLEEEEING.
  2054 | D:3      | 2054 ||| FLEEEEING.
  2055 | D:3      | 2055 ||| FLEEEEING.
  2056 | D:3      | 2056 ||| FLEEEEING.
  2057 | D:3      | 2057 ||| FLEEEEING.
  2058 | D:3      | 2058 ||| FLEEEEING.
  2059 | D:3      | 2059 ||| FLEEEEING.
  2060 | D:3      | 2060 ||| FLEEEEING.
  2061 | D:3      | 2061 ||| FLEEEEING.
  2062 | D:3      | 2062 ||| FLEEEEING.
  2063 | D:3      | 2063 ||| FLEEEEING.
  2064 | D:3      | 2064 ||| FLEEEEING.
  2070 | D:3      | 2070 ||| FLEEEEING.
  2071 | D:3      | 2071 ||| FLEEEEING.
  2072 | D:3      | 2072 ||| FLEEEEING.
  2073 | D:3      | 2073 ||| FLEEEEING.
  2074 | D:3      | 2074 ||| FLEEEEING.
  2075 | D:3      | 2075 ||| FLEEEEING.
  2076 | D:3      | 2076 ||| FLEEEEING.
  2077 | D:3      | 2077 ||| FLEEEEING.
  2078 | D:3      | 2078 ||| FLEEEEING.
  2079 | D:3      | 2079 ||| FLEEEEING.
  2080 | D:3      | 2080 ||| FLEEEEING.
  2081 | D:3      | 2081 ||| FLEEEEING.
  2082 | D:3      | 2082 ||| STAIRDANCE
  2202 | D:2      | 2202 ||| DROPPING +0 whip.
  2234 | D:2      | 2234 ||| UPGRADING to ring of positive energy.
  2442 | D:3      | Found an ancient bone altar of Kikubaaqudgha.
  2443 | D:3      | Found a faded altar of an unknown god.
  2635 | D:3      | Found a basalt altar of Yredelemnul.
  2664 | D:3      | Reached skill level 7 in Axes
  2762 | D:3      | 2762 ||| FLEEEEING.
  2763 | D:3      | 2763 ||| FLEEEEING.
  2764 | D:3      | 2764 ||| FLEEEEING.
  2765 | D:3      | 2765 ||| FLEEEEING.
  2902 | D:3      | Noticed Ijyb
  2903 | D:3      | 2903 ||| Stepping ~*~*~tactically~*~*~ (hiding).
  2904 | D:3      | 2904 ||| Stepping ~*~*~tactically~*~*~ (hiding).
  2916 | D:3      | HP: 1/46 [disintegration (13)]
  2917 | D:3      | 2917 ||| READING 3 scrolls of teleportation.
  2917 | D:3      | Slain by Ijyb

Levels and vault maps discovered:
D:1:      matt_arrival_refuge, layout_rooms, serial_shops,
          nicolae_shop_advertising_works [nicolae_subvault_shop_adworks]
D:2:      layout_loops_ring, serial_glass, glass_columns_c, glass_columns_a,
          uniq_robin, uniq_crazy_yiuf_cottage
D:3:      kennysheep_goblin_castle, layout_basic, tgw_kikubaaqudgha,
          nicolae_yredelemnul_corpse_copse,
          shapermc_ecumenical_altar_starsandcircs, minmay_circle_x

Skill      XL: |  1  2  3  4  5 |
---------------+----------------+-----
Axes           | 3 4 5 6 7 |  7.0
Dodging        | 1 |  1.0
Fighting       | |  3.9
Armour         | |  3.6
Shields        | |  3.6

Action                   |  1- 3 |  4- 6 || total
-------------------------+-------+-------++-------
Melee: War axe           |    90 |    98 ||   188
       Headbutt          |     8 |    10 ||    18
  Use: Scroll            |     7 |     3 ||    10
       Potion            |     1 |     1 ||     2
Armor: Scale mail        |    47 |    32 ||    79
Dodge: Dodged            |    41 |    32 ||    73
Block: Buckler           |    23 |    49 ||    72
       Reflection        |       |     7 ||     7

Table legend:
 A = Non-vault XP
 B = Vault XP
 C = Vault XP percentage of total XP
 D = Non-vault monster count
 E = Vault monster count
 F = Vault count percentage of total count
                 A         B        C        D         E       F
            +---------+---------+-------+---------+---------+-------
      Total |     117 |     210 |  64.2 |      50 |      34 |  40.5
            +---------+---------+-------+---------+---------+-------
        D:1 |      52 |       0 |   0.0 |      29 |       0 |   0.0
        D:2 |      20 |      37 |  64.9 |       7 |      12 |  63.2
        D:3 |      45 |     173 |  79.4 |      14 |      22 |  61.1
            +---------+---------+-------+---------+---------+-------
